 Dungeon Crawl Stone Soup version 0.26.1-11-gd32895ea62 (webtiles) character file.

Game seed: 5008077462508265209

74 Kalagan26 the Sneak (level 4, 0/30 HPs)
             Began as a Vampire Enchanter on June 21, 2021.
             Slain by an orc wizard
             ... wielding a +0 dagger of flaming
              (1 damage)
             ... on level 3 of the Dungeon.
             The game lasted 00:23:14 (2988 turns).

Kalagan26 the Sneak (Vampire Enchanter)             Turns: 2988, Time: 00:23:18

Health: 0/30       AC:  3    Str:  7    XL:     4   Next: 10%
Magic:  7/7        EV: 13    Int: 17    God:
Gold:   75         SH:  0    Dex: 15    Spells: 6/7 levels left

rFire    . . .     SeeInvis +   a - +1 dagger
rCold    . . .     Faith    .   (no shield)
rNeg     . . .     Spirit   .   e - +0 robe (curse)
rPois    .         Reflect  .   (no helmet)
rElec    .         Harm     .   (no cloak)
rCorr    .         Rampage  .   o - +0 pair of gloves
Will     .....                  (no boots)
Stlth    +++.......             (no amulet)
HPRegen  0.30/turn              (no ring)
MPRegen  0.10/turn              (no ring)

@: flying, regenerating quickly
A: fangs 3, see invisible, unbreathing
a: Exsanguinate


You were on level 3 of the Dungeon.
You visited 1 branch of the dungeon, and saw 3 of its levels.

You collected 75 gold pieces.

Inventory:

Hand Weapons
 a - a +1 dagger (weapon)
 p - a cursed -1 dagger
Missiles
 g - 4 boomerangs
Armour
 b - a +0 robe
 e - a cursed +0 robe (worn)
 o - a +0 pair of gloves (worn)
Magical Staves
 k - an uncursed staff of cold {unknown}
Wands
 l - a wand of polymorph (13)
Scrolls
 d - a scroll of blinking {unknown}
 f - 2 scrolls of teleportation {unknown}
 j - a scroll of enchant weapon {unknown}
 m - a scroll of remove curse
 s - a scroll of noise {unknown}
Potions
 c - 2 potions of curing {unknown}
 h - a potion of heal wounds {unknown}
 i - a potion of flight
 n - a potion of haste {unknown}
 q - a potion of berserk rage {unknown}
 r - 2 potions of might {unknown}
 t - a potion of mutation {unknown}


   Skills:
 + Level 0.2 Fighting
 * Level 2.8 Short Blades
 + Level 2.6 Dodging
 - Level 6.1 Stealth
 - Level 2.0 Spellcasting
 - Level 4.4 Hexes


You had 6 spell levels left.
You knew the following spells:

 Your Spells              Type           Power        Failure   Level
a - Corona                Hex            17%          3%          1

Your spell library contained the following spells:

 Spells                   Type           Power        Failure   Level
 Confusing Touch          Hex            16%          10%         3
 Tukima's Dance           Hex            16%          10%         3
 Ensorcelled Hibernation  Hex/Ice        18%          12%         2
 Dazzling Flash           Conj/Hex       18%          24%         3


Dungeon Overview and Level Annotations

Branches:
Dungeon (3/15)

Altars:
Dithmenos
Makhleb
Zin


Innate Abilities, Weirdness & Mutations

Your natural rate of healing is unusually fast.
You have razor-sharp teeth.
You have supernaturally acute eyesight. (SInv)
You can survive without breathing.


Message History

The magic dart hits you!
* * * LOW HITPOINT WARNING * * *
The orc wizard gestures wildly while chanting.
The orc wizard blinks!
The orc wizard gestures wildly while chanting.
The orc wizard blinks!
The orc wizard casts a spell.
The orc wizard seems to speed up.
The orc wizard casts a spell at you. The magic dart hits you.
* * * LOW HITPOINT WARNING * * *
Okay, then.
Okay, then.
It was a potion of flight.
You feel very buoyant.
You fly up into the air.
The orc wizard hits you with a +0 dagger of flaming.
* * * LOW HITPOINT WARNING * * *
The orc wizard burns you.
You die...

###############.#
##.....##.....##.#
##..............#.#
#..........<......#
#.................#
#.................#
..................#
#.................#
#...(........†..@.#.#
##.....######...#o#.#
###..###≈≈≈≈#####.#.# #
#.###≈≈≈≈≈≈###..#.#
###....≈≈.........#.#
...†..≈≈......o...#.#
..#..≈....≈≈......#.######
.....≈..≈≈.o≈.......##...#
##....≈≈....≈........#.).#


You could see an orc wizard (fast).

Vanquished Creatures
  A dart slug (D:1)
  3 leopard geckos
  An orc (D:3)
  9 bats
  4 giant cockroaches (D:3)
  9 goblins
  11 hobgoblins
  3 jackals (D:1)
  A quokka (D:2)
  3 ball pythons
  4 frilled lizards
  4 kobolds
  6 rats
59 creatures vanquished.

Notes
Turn   | Place    | Note
-------+----------+-------------------------------------------
     0 | D:1      | Kalagan26 the Vampire Enchanter began the quest for the
                  | Orb.
     0 | D:1      | Reached XP level 1. HP: 13/13 MP: 3/3
   145 | D:1      | Reached skill level 5 in Stealth
   274 | D:1      | Reached XP level 2. HP: 19/19 MP: 5/5
   922 | D:1      | Reached skill level 6 in Stealth
  1012 | D:1      | Reached XP level 3. HP: 24/24 MP: 6/6
  2185 | D:2      | Found a burning altar of Makhleb.
  2187 | D:2      | Noticed a blizzard demon
  2188 | D:2      | Found a glowing silver altar of Zin.
  2188 | D:2      | Noticed an angel
  2395 | D:3      | Found a shadowy altar of Dithmenos.
  2713 | D:3      | Reached XP level 4. HP: 20/30 MP: 7/7
  2988 | D:3      | HP: 1/30 [orc wizard/+0 dagger of flaming (1)]
  2988 | D:3      | Slain by an orc wizard

Illustrated notes

Levels and vault maps discovered:
D:1:      amcnicky_arrival_single_pillar, layout_basic, minmay_3d_cube
D:2:      layout_basic, grunt_temple_overflow_order_and_chaos_2,
          nicolae_overflow_hidden_temple, minmay_stone_trees_small
D:3:      cheibrodos_helix_gallery, layout_rooms,
          nicolae_dithmenos_shadow_blocks

Skill      XL: |  1  2  3 |
---------------+----------+-----
Stealth        | 5 6 |  6.1
Short Blades   | 2 |  2.8
Fighting       | |  0.2
Dodging        | |  2.6
Spellcasting   | |  2.0
Hexes          | |  4.4

Action                   |  1- 3 |  4- 6 || total
-------------------------+-------+-------++-------
Melee: Dagger            |   276 |    50 ||   326
       Bite              |    17 |     1 ||    18
 Cast: Corona            |    22 |     1 ||    23
  Use: Scroll            |     1 |       ||     1
       Potion            |       |     1 ||     1
 Stab: Sleeping          |     7 |     2 ||     9
Armor: Robe              |    53 |    20 ||    73
Dodge: Dodged            |   202 |    36 ||   238
